 Dungeon Crawl Stone Soup version 0.31-a0-879-g1609e0ac53 (webtiles) character file.

Game seed: 3758080395120946382

3673 DocEon the Thaumaturge (level 9, -3/45 HPs)
             Began as a Deep Elf Conjurer on Oct 14, 2023.
             Was a Believer of Vehumet.
             Slain by a gnoll
             ... wielding a +0 flail
             ... led by a gnoll sergeant
              (8 damage)
             ... on level 8 of the Dungeon.
             The game lasted 00:12:11 (7191 turns).

DocEon the Thaumaturge (Deep Elf Conjurer)          Turns: 7191, Time: 00:12:11

Health: -3/45      AC:  4    Str:  4    XL:     9   Next: 89%
Magic:  3/27       EV: 11    Int: 28    God:    Vehumet [**....]
Gold:   328        SH: 10    Dex: 13    Spells: 15/32 levels left

rFire   . . .        v - +1 short sword (elec)
rCold   . . .        k - +0 buckler
rNeg    . . .        a - +0 robe
rPois   .            s - +0 helmet
rElec   .            g - +0 cloak
rCorr   .            (no gloves)
SInv    .            (no boots)
Will    .....        u - amulet of reflection
Stlth   ++           (no ring)
HPRegen 0.27/turn    (no ring)
MPRegen 0.20/turn

%: reflection
@: very slightly contaminated
A: no striking features
a: Renounce Religion


You were on level 8 of the Dungeon.
You worshipped Vehumet.
Vehumet was pleased with you.
You visited 1 branch of the dungeon, and saw 8 of its levels.

You collected 328 gold pieces.

Inventory:

Hand Weapons
 p - a +2 dagger of freezing
 v - a +1 short sword of electrocution (weapon)
Missiles
 m - a throwing net
Armour
 a - a +0 robe (worn)
 g - a +0 cloak (worn)
 k - a +0 buckler (worn)
 s - a +0 helmet (worn)
Jewellery
 j - a ring of fire
 q - a ring of ice
 u - an amulet of reflection (around neck)
Wands
 o - a wand of roots (2)
 w - a wand of flame (18)
Scrolls
 r - 4 scrolls of butterflies
 x - 4 scrolls of identify
 y - a scroll of enchant armour {unknown}
Potions
 c - a potion of invisibility
 d - a potion of heal wounds
 e - a potion of enlightenment {unknown}
 f - a potion of cancellation {unknown}
 h - 2 potions of curing
 i - a potion of might {unknown}
 l - a potion of attraction {unknown}
 n - 2 potions of resistance {unknown}


   Skills:
 - Level 2.4 Dodging
 - Level 2.4 Stealth
 + Level 4.7 Shields
 * Level 12.2 Spellcasting
 + Level 8.4 Conjurations
 - Level 4.0 Hexes
 - Level 4.0 Translocations
 - Level 4.0 Ice Magic


You had 15 spell levels left.
You knew the following spells:

 Your Spells              Type           Power      Damage    Failure   Level
a - Magic Dart            Conj           100%       1d8       1%          1
b - Searing Ray           Conj           100%       2d8       1%          2
c - Hailstorm             Conj/Ice       51%        3d11      1%          3
d - Fulminant Prism       Conj/Hex       25%        3d13      4%          4
e - Iskenderun's Mystic   Conj/Tloc      51%        2d11      4%          4
f - Ozocubu's Armour      Ice            39%        N/A       3%          3

Your spell library contained the following spells:

 Spells                   Type           Power      Damage    Failure   Level
 Foxfire                  Conj/Fire      100%       2x1d9     1%          1
 Ensorcelled Hibernation  Hex/Ice        78%        N/A       1%          2
 Static Discharge         Conj/Air       80%        2-6/arc   1%          2
 Dazzling Flash           Conj/Hex       100%       N/A       1%          3
 Stone Arrow              Conj/Erth      80%        3d12      3%          3
 Necrotise                Necr           68%        1d7       6%          1
 Inner Flame              Hex/Fire       28%        N/A       8%          3
 Volatile Blastmotes      Fire/Tloc      56%        2d14      8%          3
 Poisonous Vapours        Pois/Air       34%        N/A       9%          2
 Vampiric Draining        Necr           17%        2d7       17%         3
 Summon Ice Beast         Ice/Summ       28%        N/A       26%         4
 Airstrike                Air            8%         2d(2-18)  50%         4
 Animate Armour           Summ/Erth      34%        N/A       50%         4
 Summon Lightning Spire   Summ/Air       17%        N/A       50%         4
 Yara's Violent Unravell  Hex/Tmut       14%        3d7       56%         5
 Agony                    Necr           17%        N/A       85%         5
 Simulacrum               Ice/Necr       14%        N/A       98%         6
 Enfeeble                 Hex            19%        N/A       100%        7
 Ozocubu's Refrigeration  Ice            19%        4d11      100%        7
 Lehudib's Crystal Spear  Conj/Erth      20%        10d6      100%        8


Dungeon Overview and Level Annotations

Branches:
Dungeon (8/15)
 Temple: D:4-7         Lair: D:8-11

Altars:
Elyvilon
Gozag
Makhleb
Nemelex Xobeh
Sif Muna
Trog
Vehumet

Shops:
D:2 (


Message History

The gnoll sergeant is severely wounded.
The hail pelts the gnoll!!
You kill the gnoll!
Vehumet accepts your kill. You block the yak's attack.
You block the gnoll sergeant's attack.
Casting: Hailstorm (safe; 1% risk of failure)
Confirm with . or Enter, or press ? or * to list all spells.
You erupt in a blast of force!
The mystic blast hits the gnoll sergeant.
You kill the gnoll sergeant!
Vehumet accepts your kill.
You feel your power returning.
The mystic blast hits the yak!
The yak is heavily wounded.
The yak is knocked back by the mystic blast.
The white imp spits at you.
Casting: Iskenderun's Mystic Blast (dangerous; 4% risk of failure)
Confirm with . or Enter, or press ? or * to list all spells.
Casting: Hailstorm (safe; 1% risk of failure)
Press: ? - help, Dir - look around, f - activate A cannonade of hail descends around you!
The hail pelts the yak!!
The yak is almost dead.
The hail pelts the white imp.
The white imp partially resists.
The white imp is moderately wounded.
The hail pelts the gnoll.
The gnoll is moderately wounded.
Casting: Hailstorm (safe; 1% risk of failure)
Confirm with . or Enter, or press ? or * to list all spells.
You don't have enough magic to cast this spell.
You hit the gnoll but do no damage.
The gnoll is moderately wounded.
You block the gnoll's attack. The yak gores you!
You closely miss the gnoll.
The gnoll is moderately wounded.
The gnoll hits you with a +0 flail! The yak gores you!
* * * LOW HITPOINT WARNING * * *
You barely miss the gnoll.
The gnoll is moderately wounded.
The gnoll hits you with a +0 flail!
You die...

#.........)..#.............
#...g......)†####'###.....#
#.....g##'######...########
#.....g#.......#...#
#.....g#.......#...' .
#......#.......#..!#. ..
#......#.......#...#.. ..
#...<..#)Y.....#...# .g ..
#......'5g@†...#.).# ..g
#......######)##
#######.....#.## #.....'.g.
#...5.#... #.Y...#....
#.....###'## .......Y ..
.............


You could see a yak, a gnoll and a white imp.

Vanquished Creatures
  Erica (D:8)
  Grinder (D:4)
  A yak (D:8)
  2 sky beasts
  An orc warrior (D:8)
  2 black bears
  An ice beast (D:6)
  3 ogres
  2 centaurs (D:8)
  4 bullfrogs
  2 gnoll sergeants (D:8)
  2 scorpions
  7 wights
  A killer bee (D:8)
  2 howler monkeys
  A crimson imp (D:5)
  4 hounds
  2 orc priests
  A jelly (D:6)
  3 gnoll boudas
  An iguana (D:4)
  2 orc wizards
  11 adders
  13 gnolls
  2 shadow imps
  A white imp (D:6)
  2 ufetubi (D:5)
  3 worms
  20 orcs
  4 bats
  6 endoplasms
  2 giant cockroaches (D:2)
  8 goblins
  7 hobgoblins
  10 jackals
  3 quokkas
  4 ball pythons
  3 frilled lizards
  6 kobolds
  5 rats
156 creatures vanquished.

Vanquished Creatures (others)
  5 fulminant prisms (D:8)
5 creatures vanquished.

Grand Total: 161 creatures vanquished

Notes
Turn   | Place    | Note
-------+----------+-------------------------------------------
     0 | D:1      | DocEon the Deep Elf Conjurer began the quest for the Orb.
     0 | D:1      | Reached XP level 1. HP: 10/10 MP: 6/6
   402 | D:1      | Reached XP level 2. HP: 15/15 MP: 6/8
   405 | D:1      | Learned a level 2 spell: Searing Ray
   714 | D:2      | Found Noutes's Antique Weapon Shoppe.
   778 | D:2      | Reached skill level 4 in Spellcasting
   889 | D:2      | Reached XP level 3. HP: 17/19 MP: 4/10
   949 | D:2      | Found an opulent altar of Gozag.
   972 | D:2      | Identified the +1 plate armour "Wices" {Str+3 Int+2 Dex+2}
  1216 | D:2      | Reached skill level 5 in Conjurations
  1257 | D:2      | Reached skill level 5 in Spellcasting
  1310 | D:2      | Reached XP level 4. HP: 24/24 MP: 10/13
  2119 | D:2      | Learned a level 3 spell: Hailstorm
  2124 | D:2      | Learned a level 4 spell: Fulminant Prism
  2129 | D:2      | Learned a level 4 spell: Iskenderun's Mystic Blast
  2797 | D:3      | Reached XP level 5. HP: 28/28 MP: 10/15
  3144 | D:4      | Got a shiny book
  3170 | D:4      | Found a sparkling altar of Nemelex Xobeh.
  3272 | D:4      | Noticed Grinder
  3285 | D:4      | Killed Grinder
  3286 | D:4      | Reached skill level 1 in Shields
  3286 | D:4      | Reached skill level 6 in Spellcasting
  3286 | D:4      | Reached skill level 1 in Translocations
  3286 | D:4      | Reached XP level 6. HP: 23/32 MP: 7/17
  3673 | D:4      | Reached skill level 7 in Spellcasting
  3805 | D:4      | Found a radiant altar of Vehumet.
  3838 | D:4      | Found a shimmering blue altar of Sif Muna.
  3861 | D:4      | Became a worshipper of Vehumet
  4086 | D:4      | Reached XP level 7. HP: 36/36 MP: 14/19
  4369 | D:5      | Entered Level 5 of the Dungeon
  4551 | D:5      | Found a burning altar of Makhleb.
  4822 | D:5      | Reached skill level 8 in Spellcasting
  5099 | D:5      | Found a white marble altar of Elyvilon.
  5296 | D:5      | Found an opulent altar of Gozag.
  5399 | D:6      | Reached XP level 8. HP: 37/41 MP: 14/22
  5464 | D:6      | Found a bloodstained altar of Trog.
  5527 | D:6      | Reached * piety under Vehumet
  5527 | D:6      | Offered knowledge of Freeze by Vehumet.
  5817 | D:6      | Reached skill level 9 in Spellcasting
  6312 | D:6      | You fall into a shaft and drop 2 floors!
  6433 | D:8      | Learned a level 3 spell: Ozocubu's Armour
  6437 | D:8      | Noticed Erica
  6471 | D:8      | Killed Erica
  6472 | D:8      | Reached skill level 10 in Spellcasting
  6472 | D:8      | Reached XP level 9. HP: 27/45 MP: 1/25
  6629 | D:8      | Reached skill level 11 in Spellcasting
  6931 | D:8      | Reached ** piety under Vehumet
  6934 | D:8      | Offered knowledge of Foxfire by Vehumet.
  7139 | D:7      | Reached skill level 12 in Spellcasting
  7191 | D:8      | Slain by a gnoll

Illustrated notes

Levels and vault maps discovered:
D:1:      ncdulo_smallfort, layout_loops_cross, hangedman_feature_mirror,
          hangedman_abyss_or_decor_lesser_grid
D:2:      layout_loops_corners, basic_altar, serial_shops, shop_fountains
D:3:      layout_basic
D:4:      layout_loops_ring, mainiacjoe_overflow_two_lobes,
          nemelex_xobeh_ov_fountains_minmay, kennysheep_dice, uniq_grinder
D:5:      layout_rooms, makhleb_grotto_becter, kennysheep_mini,
          mainiacjoe_overflow_catwalk
D:6:      layout_loops_ring, kennysheep_mini_moat, kennysheep_small_square
D:7:      layout_rooms, tgw_fedhas, minmay_temple_entry_waves
D:8:      layout_gridville, enter_bailey_5, minmay_alternating_orb, uniq_erica

Skill      XL: |  1  2  3  4  5  6  7  8  9 |
---------------+----------------------------+-----
Spellcasting   | 4 5 6 7 8 10 12 | 12.2
Conjurations   | 5 6 7 8 |  8.4
Shields        | 1 2 3 4 |  4.7
Hexes          | 2 4 |  4.0
Translocations | 1 2 3 4 |  4.0
Ice Magic      | 2 4 |  4.0
Dodging        | |  2.4
Stealth        | |  2.4

Action                     |  1- 3 |  4- 6 |  7- 9 || total
---------------------------+-------+-------+-------++-------
  Melee: Short sword       |       |       |    13 ||    13
   Cast: Magic Dart        |    51 |    80 |   121 ||   252
         Searing Ray       |       |     5 |    20 ||    25
         Iskenderun's Myst |       |       |    30 ||    30
         Fulminant Prism   |       |       |     5 ||     5
         Hailstorm         |       |       |    12 ||    12
  Evoke: Wand              |       |       |     6 ||     6
    Use: Scroll            |       |     9 |     6 ||    15
         Potion            |       |       |     7 ||     7
 Armour: Robe              |     3 |     7 |    72 ||    82
  Dodge: Dodged            |     2 |     7 |    44 ||    53
  Block: Buckler           |       |     2 |    40 ||    42
         Reflection        |       |       |     9 ||     9

Table legend: (Time is in decaauts)
 A = Elapsed time spent in this place.
 B = Non-inter-level travel time spent in this place.
 C = Inter-level travel time spent in this place.
 D = Time resting spent in this place.
 E = Time spent auto-exploring this place.
 F = Levels seen in this place.
 G = Mean time per level.
                   A        B        C        D        E       F      G
               +--------+--------+--------+--------+--------+-----+--------+
         Total |   7189 |   6894 |    295 |   1270 |   4496 |   8 |  898.6 |
       Dungeon |   7189 |   6894 |    295 |   1270 |   4496 |   8 |  898.6 |
               +--------+--------+--------+--------+--------+-----+--------+

Top non-repeatable levels by time:
     D:2: 1474 daAuts
     D:4: 1418 daAuts
     D:3: 949 daAuts
     D:6: 938 daAuts
     D:5: 816 daAuts
     D:8: 814 daAuts
     D:1: 711 daAuts
     D:7: 65 daAuts
